Map: [ESL] Hard Lead

Players

Oliveira - Winner!

  • Race: Terran Terran
  • Spawn Location: 5:00

Harstem

  • Race: Protoss Protoss
  • Spawn Location: 11:00

Event: ESL SC2 Masters 2023 Winter (Finals)

VOD

Have the link to the VOD?

Description

Time

  • Played on: Dec. 16, 2023, 10:59 a.m.
  • Length: 8:36

All games in this series

Show
View Real Time Build Order
Export as new Build Order

Oliveira Terran - Winner!

Build Orders: Cyclone Opening 

Get SALT Encoding   

  12  0:00  SCV  
  13  0:12  SCV  
  14  0:17  Supply Depot  
  14  0:24  SCV  
  15  0:38  SCV  
  15  0:39  Barracks  
  16  0:44  Refinery  
  16  0:50  SCV  
  16  0:52  Refinery  
  17  1:03  SCV  
  18  1:15  SCV  
  19  1:26  Reaper  
  19  1:27  Orbital Command  
  19  1:31  Supply Depot  
  20  1:42  Factory  
  20  1:53  SCV  
  21  1:59  Barracks Reactor  
  21  2:05  SCV  
  22  2:15  Command Center  
  22  2:18  SCV  
  23  2:25  Cyclone  
  25  2:30  SCV  
  25  2:34  Supply Depot  
  25  2:35  Marine  
  27  2:37  Marine  
  28  2:44  SCV  
  28  2:54  Starport  
  28  2:58  Factory Tech Lab  
  27  3:00  SCV  
  27  3:02  Marine  
  27  3:04  Marine  
  30  3:16  Siege Tank  
  33  3:20  Marine  
  33  3:22  Marine  
  33  3:24  SCV  
  36  3:30  Medivac  
  38  3:35  Orbital Command  
  38  3:39  Marine  
  38  3:40  Marine  
  40  3:52  Orbital Command  
  40  3:53  Siege Tank  
  40  3:54  SCV  
  44  3:59  Supply Depot  
  44  4:02  Marine x2  
  46  4:04  Starport Tech Lab  
  46  4:07  SCV  
  47  4:20  Marine x2  
  47  4:23  Viking  
  51  4:31  Barracks, Orbital Command  
  51  4:35  Siege Tank  
  51  4:36  SCV  
  51  4:38  Marine x2  
  57  4:41  Supply Depot  
  56  4:48  SCV  
  57  4:57  SCV  
  57  4:58  Bunker, Supply Depot  
  57  4:59  Marine  
  59  5:00  SCV  
  59  5:02  Raven  
  59  5:06  Supply Depot  
  62  5:09  SCV  
  62  5:12  SCV  
  64  5:21  SCV  
  65  5:24  SCV  
  66  5:33  Stimpack, SCV, Marine  
  68  5:35  Barracks  
  68  5:38  Supply Depot  
  68  5:39  Engineering Bay  
  68  5:40  Marine  
  68  5:41  SCV  
  70  5:45  SCV  
  71  5:50  Starport Reactor  
  71  5:53  SCV  
  71  5:55  Factory Reactor, Marine  
  73  5:57  SCV  
  73  6:04  Supply Depot, Refinery  
  74  6:05  SCV  
  74  6:06  Terran Infantry Weapons Level 1  
  74  6:07  Marine  
  74  6:09  Marauder  
  75  6:17  SCV  
  76  6:20  Marine  
  76  6:21  SCV  
  78  6:27  Marine  
  78  6:29  SCV  
  79  6:33  SCV  
  79  6:35  Supply Depot, Refinery  
  79  6:37  Widow Mine x2  
  79  6:39  Medivac  
  86  6:41  SCV  
  86  6:46  Marine x2  
  87  6:47  Marauder  
  87  6:49  Marauder  
  87  6:56  SCV  
  87  6:57  Medivac  
  87  6:59  Supply Depot  
  90  7:04  Marine  
  93  7:08  Marauder  
  93  7:10  SCV x2  
  93  7:11  Medivac  
  93  7:13  Widow Mine  
  93  7:14  Widow Mine  
  93  7:15  Marine  
  101  7:22  Supply Depot, Marauder  
  102  7:23  Marine  
  103  7:39  Marine  
  103  7:40  Marauder  
  103  7:41  Command Center  
  103  7:43  Widow Mine  
  104  7:55  Widow Mine  
  104  7:58  Medivac x2  
  100  8:06  Marauder x2  
  100  8:10  Barracks  
  104  8:13  Barracks  
  104  8:16  Marine x2  
Show
View Real Time Build Order
Export as new Build Order

Harstem Protoss 

Build Orders:  

Get SALT Encoding   

  12  0:00  Probe  
  13  0:12  Probe  
  14  0:18  Pylon  
  14  0:24  Probe  
  15  0:36  Gateway  
  15  0:39  Probe  
  16  0:51  Probe, Pylon  
  17  0:58  Assimilator  
  17  1:03  Probe  
  18  1:10  Gateway  
  18  1:15  Probe  
  19  1:23  Cybernetics Core  
  19  1:29  Zealot  
  19  1:32  Probe  
  22  1:39  Assimilator  
  22  1:44  Probe  
  23  1:57  Probe  
  23  1:58  Stalker (Chrono Boost), Adept (Chrono Boost)  
  28  2:06  Pylon  
  28  2:09  Probe  
  30  2:24  Stalker  
  31  2:32  Warp Gate (Chrono Boost)  
  31  2:35  Adept  
  33  2:41  Probe  
  34  2:51  Robotics Facility  
  34  3:01  Stalker  
  34  3:03  Probe  
  37  3:09  Gateway  
  35  3:26  Pylon  
  35  3:38  Warp Prism  
  38  3:59  Shield Battery  
  38  4:00  Nexus, Probe  
  38  4:11  Robotics Bay  
  38  4:15  Observer  
  38  4:16  Stalker  
  41  4:27  Probe  
  41  4:28  Stalker  
  44  4:38  Stalker  
  46  4:39  Probe  
  47  4:54  Pylon  
  47  5:11  Disruptor (Chrono Boost), Probe  
  52  5:18  Twilight Council  
  52  5:23  Probe  
  52  5:25  Probe  
  54  5:35  Probe  
  54  5:37  Disruptor (Chrono Boost), Probe  
  59  5:48  Probe  
  59  5:49  Probe  
  61  5:51  Blink (Chrono Boost)  
  61  5:52  Assimilator  
  61  5:53  Pylon  
  61  6:00  Probe  
  60  6:07  Stalker  
  62  6:18  Stalker x2  
  66  6:19  Probe x2  
  66  6:31  Probe  
  66  6:32  Probe  
  68  6:33  Forge  
  68  6:35  Gateway  
  68  6:40  Pylon  
  68  6:43  Probe  
  68  6:44  Probe  
  70  6:58  Probe x2  
  72  7:01  Stalker  
  72  7:07  Robotics Facility  
  74  7:08  Nexus  
  74  7:10  Probe  
  75  7:19  Probe  
  75  7:20  Stalker  
  78  7:24  Pylon x2  
  78  7:33  Gateway  
  78  7:42  Probe x2  
  80  7:44  Stalker x2  
  84  7:54  Probe x2  
  79  7:59  Stalker  
  80  8:06  Probe x2  
  80  8:09  Shield Battery  
  82  8:18  Probe x2  
  83  8:21  Stalker x2  
  71  8:35  Stalker x2  
Tags
 
Add a new tag
Caveats
  • Supply blocks, unpowered buildings, or Contaminate may cause inaccurate times.
  • Supply counts are checked every 10 seconds.